Map: Ever Dream LE

Players

HeroMarine - Winner!

  • Race: Terran Terran
  • League: Master
  • Spawn Location: 1:00

Serral

  • Race: Zerg Zerg
  • League: Master
  • Spawn Location: 7:00

Event: DreamHack SC2 Masters 2020 Fall

VOD

Have the link to the VOD?

Description

Time

  • Played on: Sept. 12, 2020, 1:06 p.m.
  • Length: 8:59

All games in this series

Show
View Real Time Build Order
Export as new Build Order

HeroMarine Terran - Winner!

Build Orders: Reaper Expand, Hellion Banshee 

Get SALT Encoding   

  12  0:00  SCV  
  13  0:12  SCV  
  14  0:17  Supply Depot  
  14  0:24  SCV  
  15  0:39  SCV  
  15  0:41  Barracks  
  16  0:43  Refinery  
  16  0:51  SCV  
  17  1:03  SCV  
  18  1:15  SCV  
  19  1:27  Orbital Command, Reaper  
  20  1:38  Command Center  
  20  1:45  Supply Depot  
  20  1:53  SCV  
  21  1:59  Marine  
  22  2:05  SCV  
  23  2:09  Factory  
  23  2:17  SCV  
  23  2:21  Barracks Reactor  
  24  2:29  SCV  
  25  2:40  Command Center  
  25  2:41  SCV  
  26  2:50  Orbital Command  
  26  2:53  SCV  
  27  2:59  Starport  
  27  3:05  SCV  
  28  3:06  Hellion  
  28  3:10  Hellion  
  28  3:12  Barracks Tech Lab  
  32  3:17  Refinery  
  32  3:18  SCV  
  34  3:20  SCV  
  34  3:29  Hellion  
  34  3:30  SCV  
  34  3:32  SCV  
  34  3:33  Hellion  
  40  3:42  SCV  
  40  3:43  Banshee  
  40  3:44  SCV  
  40  3:46  Marine  
  46  3:53  Orbital Command  
  46  3:54  SCV  
  47  3:56  SCV  
  47  3:57  Hellion  
  47  3:58  Hellion  
  52  4:03  Supply Depot  
  52  4:07  SCV  
  52  4:08  SCV  
  54  4:10  Barracks Tech Lab  
  54  4:19  Hellion, SCV  
  54  4:20  Hellion, SCV  
  61  4:26  Supply Depot  
  61  4:27  Orbital Command  
  61  4:29  Marine  
  61  4:30  Stimpack  
  61  4:31  SCV  
  62  4:32  SCV  
  63  4:41  Starport Reactor  
  63  4:43  Barracks x2, SCV  
  63  4:44  SCV  
  65  4:47  Marine  
  65  4:49  Engineering Bay  
  65  4:51  Engineering Bay  
  66  4:53  Factory Reactor  
  66  4:54  SCV  
  66  4:55  SCV  
  66  4:57  SCV  
  66  4:59  Refinery  
  69  5:00  Refinery, Supply Depot  
  69  5:04  Marine  
  69  5:06  SCV  
  71  5:10  SCV x2  
  73  5:16  Terran Infantry Weapons Level 1  
  73  5:17  Supply Depot  
  73  5:18  SCV  
  73  5:19  Supply Depot  
  74  5:22  SCV x2, Terran Infantry Armor Level 1, Marine  
  78  5:35  Marine  
  78  5:36  Marine  
  78  5:40  Medivac x2, Barracks x2, Marine  
  82  5:43  SCV x3  
  82  5:48  Marine x2  
  87  5:53  Siege Tank  
  87  5:55  SCV x2  
  87  5:56  SCV  
  93  5:59  Marine  
  93  6:00  Supply Depot  
  93  6:01  Marine x2  
  96  6:05  Marine  
  96  6:07  SCV, Supply Depot  
  96  6:08  SCV  
  96  6:09  SCV  
  100  6:13  Marine  
  100  6:14  Combat Shield  
  101  6:20  Supply Depot  
  101  6:21  SCV x3, Supply Depot, Marine  
  105  6:27  Siege Tank  
  105  6:29  Barracks Reactor  
  105  6:30  Armory, Supply Depot, Barracks Reactor  
  105  6:31  Marine x2  
  110  6:33  Marine x2  
  110  6:39  Marine  
  113  6:45  Barracks  
  113  6:46  Barracks  
  113  6:47  Barracks  
  113  6:48  Marine  
  113  6:49  Marine  
  113  6:51  Marine x2  
  117  6:57  Medivac, Marine  
  117  6:58  Medivac  
  117  6:59  Siege Tank  
  125  7:05  Supply Depot  
  125  7:06  Marine  
  125  7:07  Marine  
  127  7:08  Supply Depot  
  127  7:09  Marine x2  
  127  7:14  Marine  
  117  7:15  Marine  
  117  7:16  Marine x3  
  121  7:24  Marine x2  
  121  7:27  Medivac, Marine x2  
  121  7:28  Medivac  
  129  7:32  Marine  
  129  7:33  Marine x6  
  129  7:34  Marine  
  137  7:42  Marine x2  
  139  7:44  Marine  
  139  7:45  Marine  
  139  7:46  Supply Depot  
  139  7:47  Supply Depot  
  139  7:50  Marine  
  139  7:51  Marine x4  
  142  7:54  Marine x2  
  142  7:55  Marine  
  144  8:00  Marine  
  144  8:05  Marine x3  
  148  8:06  Medivac x2  
  148  8:08  Marine  
  148  8:11  Marine  
  148  8:12  Missile Turret  
  154  8:13  Marine x6  
  154  8:17  Marine  
  159  8:22  Marine  
  159  8:23  Marine x2  
  159  8:26  Marine  
  162  8:29  Marine  
  162  8:31  Marine x4  
  166  8:35  Marine  
  166  8:36  Marine x2  
  166  8:40  Marine x2  
Show
View Real Time Build Order
Export as new Build Order

Serral Zerg 

Build Orders: Hatch First, Muta Ling Bane 

Get SALT Encoding   

  12  0:00  Drone  
  13  0:12  Overlord  
  13  0:16  Drone  
  14  0:30  Drone x2  
  16  0:46  Hatchery  
  15  0:50  Drone  
  15  0:53  Drone  
  15  0:56  Drone  
  18  1:07  Extractor  
  17  1:11  Spawning Pool  
  17  1:15  Drone  
  17  1:19  Drone  
  18  1:27  Drone  
  19  1:38  Drone  
  20  1:49  Overlord  
  20  1:58  Queen x2  
  20  1:59  Zergling x2  
  20  2:00  Zergling x2  
  26  2:10  Drone  
  26  2:11  Drone, Metabolic Boost  
  28  2:20  Drone  
  28  2:22  Drone  
  30  2:37  Hatchery  
  30  2:38  Drone x2  
  31  2:45  Queen  
  31  2:50  Overlord  
  33  2:53  Drone  
  33  2:55  Drone  
  33  2:58  Drone  
  36  3:09  Drone x3, Overlord  
  36  3:10  Drone  
  40  3:14  Drone  
  40  3:19  Drone  
  42  3:24  Queen  
  42  3:26  Overlord  
  44  3:34  Zergling x2  
  45  3:35  Zergling x2  
  45  3:38  Drone x2, Overlord  
  48  3:42  Drone  
  48  3:46  Drone  
  50  3:48  Queen  
  50  3:49  Zergling x2  
  50  3:52  Drone  
  54  3:56  Drone, Zergling x2  
  54  3:57  Drone  
  54  3:59  Drone  
  54  4:00  Queen  
  60  4:06  Zergling x2  
  60  4:07  Overlord  
  60  4:09  Drone x2  
  63  4:10  Drone x2  
  63  4:11  Drone  
  66  4:21  Lair, Overlord  
  66  4:22  Zergling x2  
  66  4:23  Drone  
  67  4:26  Queen  
  69  4:32  Baneling Nest  
  69  4:34  Drone x3, Zergling x2  
  69  4:37  Drone  
  73  4:40  Overlord  
  73  4:44  Drone, Extractor x2, Spore Crawler  
  71  4:46  Zergling x2, Spore Crawler  
  71  4:48  Drone x2  
  71  4:49  Drone  
  75  4:52  Drone  
  75  4:54  Zergling x2  
  75  4:57  Spore Crawler  
  75  4:58  Drone x2  
  75  4:59  Drone x2  
  79  5:00  Extractor  
  79  5:02  Drone  
  80  5:07  Drone x2  
  80  5:11  Zergling x2  
  80  5:13  Drone x3  
  86  5:19  Overlord, Zergling x2  
  86  5:20  Drone x2  
  89  5:23  Centrifical Hooks  
  89  5:24  Evolution Chamber x2  
  89  5:27  Overlord  
  87  5:29  Zergling x2  
  87  5:30  Drone  
  89  5:38  Extractor  
  89  5:40  Overlord  
  89  5:42  Overseer  
  88  5:43  Overlord  
  88  5:44  Overlord  
  88  5:45  Drone  
  88  5:46  Drone x3  
  92  5:50  Hatchery  
  92  5:51  Zerg Melee Weapons Level 1  
  92  5:52  Zerg Ground Armor Level 1, Overlord  
  92  5:53  Drone  
  92  5:54  Drone  
  92  5:57  Drone x2  
  95  6:00  Drone x2  
  95  6:01  Drone x2, Extractor  
  98  6:07  Overlord  
  98  6:11  Zergling x4  
  100  6:18  Drone x2  
  100  6:19  Drone x3  
  100  6:21  Zergling x2  
  100  6:22  Zergling x6, Spire  
  108  6:28  Zergling x6  
  108  6:31  Baneling x5  
  108  6:32  Baneling x5  
  111  6:33  Overseer  
  111  6:34  Overlord  
  112  6:40  Zergling x4  
  112  6:41  Pneumatized Carapace  
  112  6:45  Zergling x4  
  112  6:46  Zergling x2  
  116  6:49  Overlord  
  116  6:52  Baneling x3  
  115  6:54  Zergling x12  
  115  6:55  Zergling x4  
  115  7:00  Overlord  
  123  7:02  Zergling x2  
  123  7:03  Zergling x4  
  120  7:16  Drone x2  
  120  7:17  Drone, Queen  
  120  7:18  Zergling x10  
  129  7:33  Drone x4, Extractor  
  129  7:35  Mutalisk x2  
  129  7:36  Mutalisk x7  
  150  7:39  Baneling x3  
  150  7:46  Overlord  
  150  7:50  Drone x3  
  153  7:54  Zergling x6  
  153  7:57  Zergling x2  
  149  8:03  Zergling x22  
  158  8:06  Hatchery  
  157  8:16  Mutalisk x3  
  157  8:17  Overseer  
  161  8:22  Zergling x6  
  161  8:23  Zergling x2  
  155  8:29  Mutalisk  
  155  8:30  Mutalisk  
  155  8:34  Baneling x9  
  155  8:37  Zergling x6  
  155  8:38  Zergling x12  
  155  8:39  Baneling x8  
  155  8:40  Baneling  
  160  8:41  Zergling x2  
  160  8:42  Zergling x4  

Tags
 
Add a new tag
Caveats
  • Supply blocks, unpowered buildings, or Contaminate may cause inaccurate times.
  • Supply counts are checked every 10 seconds.